← All builds
Suicide front / Armada / Factory first / OBSERVED BUILD

Standard suicide front

The role's default: factory first (mostly Bot Lab), pushing Rocketeer-led bot play into the middle to contest and hold the front, with an Advanced Metal Extractor around 9:36 as the natural transition.

Usually lab first (63%)

#raid #push · 1291 distinct matches · 127 players · 71% of Armada Suicide front games · team won 59% of 1529 · Recently observed

HOW TO PLAY IT

Key timing: Bot Lab by 0:20

  1. Open with mex and wind, drop Bot Lab immediately.
  2. Push out first "Centurion" as Pond's boost lands.
  3. Send "Rocketeer", "Centurion", "Pawn" mix to contest middle.
  4. Add Dragon's Teeth and Sentries to hold the line.
  5. Get Advanced Metal Extractor up as T2 nears.

Phase by phase

TYPICAL OF ITS 1291 GAMES
  1. 1
  2. 2
  3. 3
PLAY THE OPENING

Follow the example game's first 6:00 step by step: what to build now, what comes next, and where it goes. At 1× it keeps pace with your own game.

  1. 1

    Bot Lab first

    Order
    1. Bot LabBot Lab done ~0:20, middle half 0:20–0:33

    Some games also: mex (36%)

  2. 2

    Bot Lab to 5:00

    Economy
    • Metal Extractor5Mex
    • Wind Turbine4Wind
    Builders
    • Construction Bot3 Con bot
    • Lazarus2 Lazarus
    Army
    • Sentry4 Sentry
    • Rocketeer17 Rocketeer
    • Tick2 Tick
    • Centurion1 Centurion
    Other
    • Radar Tower1 Radar Tower

    Some games also: con turret (35%) · pawn (32%)

    By 5:00 in all: 5 mex · 4 wind

    The example game in this phase · 39 steps
    1. TickTick ×2
    2. Construction BotCon bot ×2
    3. SentrySentry
    4. Mex
    5. LazarusLazarus
    6. Mex
    7. PawnPawn
    8. CenturionCenturion
    9. BeamerBeamer
    10. Mex
    11. BeamerBeamer
    12. Construction BotCon bot
    13. Mex
    14. BeamerBeamer
    15. LazarusLazarus
    16. BeamerBeamer
    17. Wind
    18. Construction BotCon bot
    19. BeamerBeamer
    20. CenturionCenturion
    21. Wind
    22. Radar TowerRadar Tower
    23. Wind ×2
    24. RocketeerRocketeer
    25. Wind
    26. RocketeerRocketeer
    27. Wind
    28. BeamerBeamer
    29. RocketeerRocketeer
    30. Energy storage
    31. RocketeerRocketeer
    32. SentrySentry
    33. RocketeerRocketeer
    34. Mex
    35. TickTick
    36. BeamerBeamer
    37. LazarusLazarus
    38. Con turret ×2
    39. BeamerBeamer
  3. 3

    5:00 to 10:00

    Economy
    • Metal Extractor1Mex
    • Wind Turbine17Wind
    Builders
    • Construction Turret2 Con turret
    • Lazarus2 Lazarus
    • Construction Bot1 Con bot
    Army
    • Sentry1 Sentry
    • Rocketeer8 Rocketeer
    • Pawn1 Pawn

    Some games also: tick (47%) · energy storage (46%) · Radar Tower (46%) · centurion (45%) · Beamer (39%)

    By 10:00 in all: 6 mex · 23 wind · 1 energy storage · 3 con turret

    The example game in this phase · 142 steps
    1. Dragon's TeethDragon's Teeth ×7
    2. BeamerBeamer
    3. Con turret ×2
    4. CenturionCenturion
    5. MaceMace
    6. RocketeerRocketeer
    7. Wind
    8. BeamerBeamer
    9. RocketeerRocketeer
    10. Wind
    11. RocketeerRocketeer
    12. Wind
    13. RocketeerRocketeer
    14. Wind
    15. RocketeerRocketeer
    16. Converter
    17. RocketeerRocketeer
    18. Wind
    19. TickTick
    20. Sneaky PeteSneaky Pete
    21. LazarusLazarus
    22. Wind
    23. RocketeerRocketeer
    24. Wind
    25. RocketeerRocketeer
    26. SentrySentry
    27. Wind ×2
    28. RocketeerRocketeer
    29. Converter
    30. BeamerBeamer
    31. RocketeerRocketeer ×2
    32. Wind
    33. RocketeerRocketeer
    34. Wind
    35. TickTick
    36. Wind
    37. LazarusLazarus
    38. Wind
    39. RocketeerRocketeer
    40. Converter
    41. RocketeerRocketeer
    42. Wind
    43. RocketeerRocketeer ×2
    44. Wind
    45. RocketeerRocketeer
    46. Wind
    47. RocketeerRocketeer
    48. Wind
    49. TickTick
    50. LazarusLazarus
    51. Converter
    52. RocketeerRocketeer
    53. Wind
    54. RocketeerRocketeer
    55. Wind
    56. RocketeerRocketeer
    57. Wind
    58. RocketeerRocketeer
    59. Wind
    60. RocketeerRocketeer
    61. Converter
    62. RocketeerRocketeer
    63. Wind
    64. TickTick
    65. LazarusLazarus
    66. Wind
    67. RocketeerRocketeer
    68. Wind
    69. RocketeerRocketeer
    70. Wind
    71. RocketeerRocketeer
    72. Converter
    73. RocketeerRocketeer
    74. Wind
    75. RocketeerRocketeer
    76. Wind
    77. RocketeerRocketeer
    78. TickTick
    79. LazarusLazarus
    80. Wind
    81. RocketeerRocketeer ×2
    82. Wind
    83. RocketeerRocketeer
    84. Converter
    85. RocketeerRocketeer
    86. Wind
    87. RocketeerRocketeer ×2
    88. Wind
    89. TickTick
    90. LazarusLazarus
    91. Wind
    92. RocketeerRocketeer
    93. Wind
    94. RocketeerRocketeer
    95. Converter
    96. RocketeerRocketeer
    97. TickTick
    98. LazarusLazarus
    99. Wind
    100. PawnPawn
    101. Wind
    102. PawnPawn ×4
    103. Wind
    104. PawnPawn
    105. Con turret
    106. Wind ×2
    107. PawnPawn
    108. Con turret
    109. Converter
    110. Con turret
    111. Wind
    112. PawnPawn ×2
    113. Wind
    114. PawnPawn
    115. Wind
    116. LazarusLazarus
    117. PawnPawn
    118. Wind
    119. PawnPawn ×2
    120. Wind
    121. PawnPawn
    122. Wind
    123. PawnPawn
    124. Vehicle PlantVehicle Plantdone 11:36
    125. PawnPawn ×2
    126. Wind
    127. Advanced Metal ExtractorT2 mexdone 12:04 · typical 9:36
    128. PawnPawn
    129. Wind
    130. PawnPawn
    131. Wind
    132. PawnPawn
    133. Converter
    134. Wind
    135. LazarusLazarus
    136. Con turret
    137. BlitzBlitz
    138. Con turret
    139. Wind
    140. Advanced Metal ExtractorT2 mex
    141. PawnPawn
    142. Wind

Counts are medians over the build's games: half of them build more, half fewer. The example game is Soliloqueur's (39 OS, 28/09/2026); pick another.

Team trades

IN AT LEAST 30% OF ITS GAMES

You hand over

Nothing regular.

You get

  • Tidal Generator4 Tidal from Pondfirst at 0:10 · in 69% of games
  • Advanced Construction Bot1 T2 con bot from Geo or Techfirst at 7:30 · in 59% of games

How it plays out

Typical game of this build, running totals by minute

Metal produced

010k20k30k
0:005:0010:0015:00

metal

Enemy metal destroyed

05k10k
0:005:0010:0015:00

metal

Own metal lost

05k10k
0:005:0010:0015:00

metal

1529 games.

Show as table
ByMetal produced: This buildEnemy metal destroyed: This buildOwn metal lost: This build
1:0022600
2:0088800
3:002051180106
4:003161658496
5:00424314131026
6:00543322981789
7:00667031752710
8:00792040313619
9:00931747964495
10:001069954265316
11:001226559036054
12:001411365126830
13:001622270137536
14:001810976968373
15:002046683299249
WHAT THE NUMBERS SAY

Standard suicide front play wins slightly more than half its games with fast kills but also fast losses, matching the raw grind of the role.

  • + First kill lands by 2:04 in all games
  • + Metal produced reaches 19882 by 15:00
  • − Own metal lost hits 9208 by 15:00, near metal destroyed of 8172
  • − First unit lost as early as 2:08 in every game
THE EXAMPLE YOU ARE READING

Soliloqueur

39.2 OS · 28/09/2026

Open source match ↗

5 received units · includes a constructor
34 metal received · 16562 energy received

Allied construction assistance is unknown. Timings are observations, not a promise of solo reproducibility.

Typical milestones

Bot Lab0:20Middle 50%: 0:20–0:33 · n=1522
Advanced Metal Extractor9:36Middle 50%: 8:41–10:48 · n=1128

Played most by

_X_253games of this buildPlatinumBlonde181games of this buildXad120games of this buildImmort73games of this buildwatermeloans60games of this build